Cogmind - Beta 11 X8 @@@ ROGUE MODE // 2021.11.13 @ 13:20:10 Player: Runia Result: Destroyed by D-53 Grenadier with Mini Grenade Launcher Performance ------------- Evolutions (0) 0 Regions Visited (2) 400 Robots Destroyed (39) 195 Value Destroyed (604) 604 Prototype IDs (4) 80 Alien Tech Used (0) 0 Bonus (-22) -22 TOTAL SCORE: 1257 Bonus ------- Friendly Fire -22 Cogmind --------- Core Integrity 0/250 Matter 132/300 Energy 100/100 System Corruption 0% Temperature Cool (0) Movement Core (350) Ox6 Location -10/Mines Parts ------- > --- POWER (1) -------- (None) > --- PROPULSION (2) --- (None) > --- UTILITY (2) ------ Large Storage Unit > --- WEAPON (2) ------- (None) > --- INVENTORY (15) --- Improved Heat Sink High-capacity Storage Unit Medium Matter Pod (100) Hacking Suite Light Assault Rifle Light Assault Rifle Light Assault Rifle Grenade Launcher Ripper Peak State ------------ > --- POWER ------------ Ion Engine > --- PROPULSION ------- Light Treads Light Treads > --- UTILITY ---------- Large Storage Unit Structural Scanner > --- WEAPON ----------- Medium Laser Assault Rifle > --- INVENTORY -------- Ion Engine Light Treads Medium Storage Unit High-capacity Storage Unit Medium Matter Pod Hacking Suite EM Pulse Gun Light Assault Rifle [Rating: 8] Favorites ----------- Power Ion Engine Engine Ion Engine Propulsion Light Treads Treads Light Treads Leg Aluminum Leg Utility Structural Scanner Device Structural Scanner Storage Medium Storage Unit Weapon Assault Rifle Energy Gun Medium Laser Ballistic Gun Assault Rifle Launcher Grenade Launcher Build | -11 -10 -10 ------- Run | Scr Mat Min Slots Evolved . | . . . Power . | . . . Propulsion . | . . . Utility . | . . . Weapon . | . . . Parts Attached 17 | 2 7 8 Power 2 | . 1 1 Engine 2 | . 1 1 Core . | . . . Reactor . | . . . Propulsion 4 | 2 2 . Treads 4 | 2 2 . Leg . | . . . Wheel . | . . . Hover . | . . . Flight . | . . . Utility 3 | . 3 . Device 1 | . 1 . Storage 2 | . 2 . Processor . | . . . Hackware . | . . . Protection . | . . . Artifact . | . . . Weapon 8 | . 1 7 Energy Gun . | . . . Energy Cannon . | . . . Ballistic Gun 5 | . 1 4 Ballistic Cannon . | . . . Launcher 3 | . . 3 Special Weapon . | . . . Impact Weapon . | . . . Slashing Weapon . | . . . Piercing Weapon . | . . . Special Melee Weapon . | . . . Unidentified Prototypes . | . . . Parts Lost 9 | . 1 8 Power 2 | . . 2 Propulsion 3 | . 1 2 Utility 1 | . . 1 Weapon 3 | . . 3 Highest Loss Streak 5 | . 1 5 Average Slot Usage (%) 94 | . 98 84 Engine 13 | . 14 13 Treads 23 | . 27 14 Device 13 | . 13 14 Storage 14 | . 14 14 Energy Gun 9 | . 14 . Ballistic Gun 17 | . 14 26 Naked Turns . | . . . Heaviest Build 31 | 14 30 31 Greatest Support 40 | 40 40 20 Greatest Overweight (x) 1 | . . 1 Average Overweight (x) . | . . 1 Largest Inventory Capacity 15 | 8 15 15 Average Capacity 12 | 8 10 15 Most Carried 10 | 5 9 10 Average Carried 6 | 3 5 8 Final Capacity 15 | 8 15 15 Final Carried 9 | 1 6 9 Class Distribution -------------------- 100% | Mutant Dominant Class ---------------- Mutant | -10/Materials Mutant | -10/Mines Resources | -11 -10 -10 ----------- Run | Scr Mat Min Matter Collected 666 | 200 382 84 Remotely . | . . . Salvage Created 991 | . 798 193 Parts 69 | . 55 14 Haulers Intercepted 1 | . 1 . Recyclers Shooed 2 | . 2 . Parts Field Recycled . | . . . Retrieved Matter . | . . . Parts Self-Destructed . | . . . Prevented . | . . . Kills | -11 -10 -10 ------- Run | Scr Mat Min Combat Hostiles Destroyed 38 | . 18 20 Guns 20 | . 18 2 AOE 18 | . . 18 Classes Destroyed 9 | . 8 1 Worker 1 | . 1 . Builder 3 | . 2 1 Hauler 1 | . 1 . Recycler 3 | . 2 1 Operator 1 | . 1 . Watcher 2 | . 2 . Swarmer 18 | . 9 9 Grunt 10 | . 9 1 Assembled 10 | . . 10 Best Kill Streak 16 | . 6 16 Combat Bots Only 16 | . 5 16 Max Kills in Single Turn 4 | . 2 4 Gunslinging . | . . . Exploded 4 | . . 4 Melee . | . . . Uniques/NPCs Destroyed . | . . . Combat | -11 -10 -10 -------- Run | Scr Mat Min Damage Taken 1404 | . 647 757 Core 262 | . 85 177 Absorbed by Shields . | . . . Core Remaining (%) 100 | 100 . . Volleys Fired 101 | . 69 32 Largest 2 | . 2 2 Hottest 70 | . 70 70 Shots Fired 185 | . 138 47 Gun 171 | . 138 33 Cannon . | . . . Launcher 14 | . . 14 Special . | . . . Kinetic 101 | . 69 32 Thermal 70 | . 69 1 Explosive 14 | . . 14 Electromagnetic . | . . . Robot Hit Streak 14 | . 14 11 Robot Miss Streak 3 | . 3 2 Penetration Max . | . . . Secondary Targets 1 | . 1 . Max Gunslinging Chain 1 | . 1 . Shots Hit Robots 117 | . 88 29 Core Hits 83 | . 40 43 Critical Kills 1 | . 1 . Critical Parts Destroyed . | . . . Critical Strikes 3 | . 2 1 Burn 2 | . 1 1 Destroy 1 | . 1 . Melee Attacks . | . . . Impact . | . . . Slashing . | . . . Piercing . | . . . Sneak Attacks . | . . . Combat Hostiles . | . . . Follow-up Attacks . | . . . Damage Inflicted 2746 | . 1153 1593 Guns 1401 | . 1153 248 Cannons . | . . . Explosions 1345 | . . 1345 Melee . | . . . Ramming . | . . . Kinetic 849 | . 614 235 Thermal 552 | . 539 13 Explosive 1345 | . . 1345 Electromagnetic . | . . . Impact . | . . . Slashing . | . . . Piercing . | . . . Highest Corruption . | . . . Average Corruption . | . . . Corruption Purged . | . . . Overload Shots . | . . . Overflow Damage 142 | . . 142 Projectiles . | . . . Explosions 142 | . . 142 Melee . | . . . Knockbacks . | . . . Impact . | . . . Kinetic . | . . . Secondary . | . . . Self-Inflicted Damage 36 | . . 36 Shots 3 | . . 3 Rammed . | . . . Targets Rammed . | . . . Kicked . | . . . Crushed . | . . . Highest Temperature 135 | . 135 62 Average Temperature 32 | . 32 43 Received Heat Transfer 324 | . 192 132 Siege Activations . | . . . Robots Corrupted . | . . . Combat Hostiles . | . . . Parts Fried . | . . . Impact Corruptions . | . . . Robots Melted . | . . . Combat Hostiles . | . . . Parts Melted 1 | . 1 . Heat Transferred 1739 | . 1628 111 Parts Sabotaged . | . . . Parts Stolen . | . . . Parts Stripped . | . . . Power Chain Reactions . | . . . Missiles Intercepted . | . . . Alert | -11 -10 -10 ------- Run | Scr Mat Min Peak Influence 350 | . 350 142 Initial 62 | . . 62 Average 148 | . 167 109 Maximum Alert Level 1 | . 1 . Low Security (%) 73 | 100 61 100 Level 1 26 | . 38 . Level 2 . | . . . Level 3 . | . . . Level 4 . | . . . Level 5 . | . . . High Security . | . . . Max Security . | . . . Squads Dispatched 4 | . 4 . Investigation 2 | . 2 . Extermination . | . . . Reinforcement 2 | . 2 . Assault . | . . . Garrison . | . . . Intercept . | . . . Construction Impeded . | . . . Haulers Reinforced . | . . . Active Scanning Responses . | . . . Cargo Convoy Interrupts . | . . . Stealth | -11 -10 -10 --------- Run | Scr Mat Min Distress Signals 2 | . 2 . Communications Jammed . | . . . Distress Signals . | . . . Times Spotted 58 | . 33 25 Peak Tracking Total 12 | . 7 12 Tactical Retreats 2 | . 2 . Traps | -11 -10 -10 ------- Run | Scr Mat Min Traps Triggered . | . . . Indirectly . | . . . Trap Hack Attempts . | . . . Triggered . | . . . Disarmed . | . . . Reprogrammed . | . . . Reused . | . . . Traps Extracted . | . . . Installed . | . . . Triggered . | . . . Machines | -11 -10 -10 ---------- Run | Scr Mat Min Machines Disabled . | . . . Max in Single Turn . | . . . Machines Sabotaged . | . . . Garrisons Compromised . | . . . Overloaded Fab Kills . | . . . Hacking | -11 -10 -10 --------- Run | Scr Mat Min Machines Accessed 7 | . 7 . Terminals 5 | . 5 . Fabricators . | . . . Repair Stations . | . . . Recycling Units 2 | . 2 . Scanalyzers . | . . . Garrison Access . | . . . Total Hacks 19 | . 19 . Successful 10 | . 10 . Failed 9 | . 9 . Catastrophic 1 | . 1 . Database Lockouts . | . . . Manual 10 | . 10 . Terminals 15 | . 15 . Fabricators . | . . . Repair Stations . | . . . Recycling Units 4 | . 4 . Scanalyzers . | . . . Garrison Access . | . . . Terminal Hacks 8 | . 8 . Robot Analysis 1 | . 1 . Prototype ID Bank 3 | . 3 . Terminal Index 2 | . 2 . Locate Traps 1 | . 1 . Zone Layout 1 | . 1 . Fabricator Hacks . | . . . Repair Station Hacks . | . . . Recycling Unit Hacks 1 | . 1 . Report Inventory 1 | . 1 . Scanalyzer . | . . . Garrison Access Hacks . | . . . Unauthorized Hacks 1 | . 1 . Terminals . | . . . Fabricators . | . . . Repair Stations . | . . . Recycling Units 1 | . 1 . Tunnel 1 | . 1 . Scanalyzers . | . . . Garrison Access . | . . . Data Cores Recovered . | . . . Used . | . . . Hacking Detections 5 | . 5 . Full Trace Events 2 | . 2 . Feedback Events . | . . . Feedback Blocked . | . . . Robot Schematics Acquired . | . . . Robots Built . | . . . Authchips . | . . . Time . | . . . Total Robot Build Rating . | . . . Part Schematics Acquired . | . . . Parts Built . | . . . Authchips . | . . . Time . | . . . Total Part Build Rating . | . . . Parts Repaired . | . . . Time . | . . . Parts Recycled . | . . . Recycled Matter . | . . . Retrieved Matter . | . . . Retrieved Components . | . . . Parts Scanalyzed . | . . . Part Schematics Acquired . | . . . Parts Damaged . | . . . Bothacking | -11 -10 -10 ------------ Run | Scr Mat Min Used RIF Installer . | . . . Robots Hacked . | . . . Non-combat . | . . . Combat . | . . . Robot Hacks Applied . | . . . Relay Couplers Released . | . . . Fabnet Peak Effective % . | . . . Robots Rewired . | . . . Allies Hacked . | . . . Hacks Repelled . | . . . Allies | -11 -10 -10 -------- Run | Scr Mat Min Total Allies . | . . . Largest Group . | . . . Highest-Rated Group . | . . . Highest-Rated Ally . | . . . Total Orders . | . . . Ally Attacks . | . . . Total Damage . | . . . Kills . | . . . Allies Corrupted . | . . . Allies Melted . | . . . Intel | -11 -10 -10 ------- Run | Scr Mat Min Robot Analysis Total 1 | . 1 . Derelict Logs Recovered 1 | . . 1 Drone Launches . | . . . Drone Recoveries . | . . . Exploration | -11 -10 -10 ------------- Run | Scr Mat Min Turns Passed 1954 | 5 1320 629 Spaces Moved 891 | 1 669 221 Core . | . . . Treads 891 | 1 669 221 Legs . | . . . Wheels . | . . . Hover . | . . . Flight . | . . . Fastest Speed 160 | 160 160 240 Average Speed 179 | 160 160 240 Slowest Speed 240 | 160 160 240 Overloaded Moves . | . . . Propulsion Burnouts . | . . . Robots Hopped . | . . . Cave-ins Triggered . | . . . Exploration Rate (%) 54 | 1 88 73 Regions Visited 2 Branch Regions 1 Pre-discovered Areas 2 | . 1 1 Known Exits Taken . | . . . Unknown Exits Taken 2 | 1 1 . Scrap Searched 1 | . . 1 Spaces Dug . | . . . Terrain Destroyed 38 | . . 38 Melee . | . . . Projectile . | . . . AOE 38 | . . 38 Terrain Rammed . | . . . Walls Destroyed . | . . . Machines Disabled . | . . . Actions | -11 -10 -10 --------- Run | Scr Mat Min Total 1061 | 7 781 273 Wait 30 | . 23 7 Move 889 | . 668 221 Hop . | . . . Pick Up 13 | . 8 5 Fast Attach 2 | . 2 . Attach 5 | 2 1 2 Detach . | . . . Swap 10 | . 4 6 Drop 11 | 5 6 . Fire 101 | . 69 32 Melee . | . . . Ram . | . . . Kick . | . . . Crush . | . . . Escape Stasis . | . . . Rewire . | . . . Trap . | . . . Miscellaneous . | . . . Route ------- -11/Scrapyard -10/Materials (discovered 4 exits: [*Mat x3] / [*Min]) -10/Mines (discovered 1 exit: [*Mat]) History --------- Turn | Location | Event 6 | -11/Scrapyard | Discovered new exit (range 0) 6 | -11/Scrapyard | Entered Materials 307 | -10/Materials | Build established: Mutant 368 | -10/Materials | Discovered new exit (range 7) 456 | -10/Materials | Discovered new exit (range 16) 781 | -10/Materials | Discovered new exit (range 13) 1238 | -10/Materials | Discovered new exit (range 9) 1326 | -10/Materials | Entered Mines 1344 | -10/Mines | Discovered new exit (range 13) 1697 | -10/Mines | A weapon hastily lodged in a ceiling crevice suddenly fell to the ground 1816 | -10/Mines | Assembled infested the area 1821 | -10/Mines | Assisted by a Guerilla fighting off Assembled 1856 | -10/Mines | Destroyed 16 combat bots 1943 | -10/Mines | Learned location of Mines (-9) 1949 | -10/Mines | Core integrity fell below 50% 1955 | -10/Mines | Core integrity fell below 20% 1955 | -10/Mines | Destroyed by D-53 Grenadier with Mini Grenade Launcher Last Messages --------------- 01893_ K-01 Serf collects debris. 01894_ U-05 Engineer builds a Wall. 01895_ K-01 Serf collects debris. 01897_ U-05 Engineer builds a Wall. 01900_ The unstable cave ceiling collapses. 01900_ K-01 Serf collects debris. 01904_ U-05 Engineer builds a Wall. 01904_ K-01 Serf collects debris. 01907_ The unstable cave ceiling collapses. 01910_ K-01 Serf collects debris. 01936_ Acquired 7 matter. 01939_ The unstable cave ceiling collapses. 01943_ Acquired derelict log, extracted data. World map updated: -9/Mines. 01948_ Assault Rifle destroyed. 01948_ T-07 Excavator destroyed. 01952_ Lgt. Treads destroyed. 01952_ Ion Engine destroyed. 01954_ Lgt. Assault Rifle destroyed. 01954_ Structural Scanner destroyed. Map ----- +----------------------------------------------------+ | ######## !### | | #######???## ### %##### ?????? | | ## #######????### ! ###%= % ######?????? | | #########????????####### ! =!##?????????? | | ########??????????####### ##### ###?????????? | | ##????????????????????### ###########?????????? | | ##????????????????????### ###?#######??????????? | | ##????????????????????#######??????????????????? | | ##?????????????????????#####???????????????????? | | ###?????????????????????????????????????????????? | | ####?????????????????????????????????????????????? | | ###??????????????????????????????????????????????? | | ###??????????????????????????????????????????????? | | ####?????????????????????????????????????????????? | | ###?????????????????????????????????????????????? | | ##?????????????????????????????????????????????? | | ##?????????????????????????????????????????????? | | ##???????????########??????????????????????????? | | ###??????????#############?????????????????????? | | ####????????? ########???????????????????? | | ########?????? =#######????????????????? | | #######?????? """ # %# #####????????????????? | | # # ####???? """ d ????????????????? | | ######???? """ d ###?????????????????? | | # #####???## ##?????????????????? | | ######??## @ ##?????????????????? | | ###??## ##?????????????????? | | # # ###### ##?????????????????? | | ### ####### ##?????????????????? | | # ######## ##?????????????????? | | ######## #####???????????????? | | #### ######???### ???????? | | ## " #### # #####? ####??????? | | ## ## # ### ###??????? | | # ##### # # = ##??????? | | # ####### ??????? | | ## ####?### =! ??????? | | #######???## ###### #?????? | | ######????### # # ## ##?????? | | ##????????#############??? ### ###?????? | | #######?????????############???? ##?? ??###??????? | | #######?????????????????????????###??????????????? | | ???????????????????????????????? ##??????????????? | | ?????????????????????????????????????????????????? | | ?????????????????????????????????????????????????? | | ?????????????????????????????????????????????????? | | ?????????????????????????????????????????????????? | | ?????????????????????????????????????????????????? | | | | | +----------------------------------------------------+ Best States ------------- Heat Dissipation 25 Energy Generation 10 Energy Capacity 250 Matter Stores 300 Matter Capacity 300 Sight Range 16 Terrain Scan Density 10 Evasion (%) 40 Recoil Reduction 2 Item Schematics ----------------- None Robot Schematics ------------------ None Fabricated ------------ Nothing Alien Tech Used ----------------- None Achievements -------------- None Challenges ------------ None Game ------ Seed MinesnifferDimensionalLeg Manual? 0 Play Time 00:10:51 Cumulative 468.1 hours Start 2021.11.13 @ 13:11:12 End 2021.11.13 @ 13:20:10 Sessions 1 Manual Loads 0 Difficulty Rogue Special Mode None Game No. 469 Rogue 469 Adventurer 0 Explorer 0 Win Type - Total 9 Types 8/0/0/1/0/0/0/0/0 Lore% 81 Gallery% 93 Achievement% 71 Wizard Run 0 Options --------- ASCII 0 Keyboard 0 Movement Mouse Keybinds 1 Fullscreen 2 Font 24/Smallcaps Map View 76x50 Tactical HUD 1 Map Filters NONE Filters NONE Steam 1 RUN: 6b05a0a4-a541-45b1-a04d-e8f5287f9d38